 Dungeon Crawl Stone Soup version 0.28-a0-863-g8cecda6153 (webtiles) character file.

Game seed: 7146196003273544143

30 sojurn the Grasshopper (level 3, -4/28 HPs)
             Began as a Human Warper on Nov 17, 2021.
             Killed by nerve-wracking pain
             ... invoked by a shadow imp
             ... summoned by Natasha
              (6 damage)
             ... on level 2 of the Dungeon.
             The game lasted 00:03:17 (4589 turns).

sojurn the Grasshopper (Human Warper)               Turns: 4589, Time: 00:03:17

Health: -4/28      AC:  3    Str: 12    XL:     3   Next: 35%
Magic:  6/6        EV: 12    Int: 13    God:
Gold:   10         SH:  0    Dex: 12    Spells: 6/6 levels left

rFire   . . .      SeeInvis .   a - +0 falchion
rCold   . . .      Faith    .   (no shield)
rNeg    . . .      Spirit   .   b - +0 leather armour
rPois   .          Reflect  .   (no helmet)
rElec   .          Harm     .   (no cloak)
rCorr   .          Rampage  .   (no gloves)
Will    .....                   (no boots)
Stlth   +.........              (no amulet)
HPRegen 0.09/turn               (no ring)
MPRegen 0.10/turn               (no ring)

@: slowed, very slow
A: no striking features
a: no special abilities


You were on level 2 of the Dungeon.
You visited 1 branch of the dungeon, and saw 2 of its levels.

You collected 10 gold pieces.

Inventory:

Hand Weapons
 a - a +0 falchion (weapon)
Missiles
 c - 6 poisoned darts
 d - a boomerang of dispersal (quivered)
Armour
 b - a +0 leather armour (worn)


   Skills:
 + Level 2.4 Fighting
 + Level 2.4 Long Blades
 - Level 1.0 Throwing
 + Level 1.7 Armour
 + Level 2.4 Dodging
 - Level 2.0 Spellcasting
 - Level 3.0 Translocations


You had 6 spell levels left.
You didn't know any spells.
Your spell library contained the following spells:

 Spells                   Type           Power      Damage    Failure   Level
 Blink                    Tloc           18%        N/A       14%         2
 Gell's Gravitas          Tloc           9%         N/A       28%         3
 Lesser Beckoning         Tloc           9%         N/A       28%         3
 Teleport Other           Tloc           9%         N/A       28%         3
 Magic Dart               Conj           4%         1d3       32%         1
 Pain                     Necr           4%         1d4       32%         1
 Searing Ray              Conj           2%         2d4       43%         2
 Manifold Assault         Tloc           9%         N/A       95%         5
 Fulminant Prism          Conj/Hex       0%         3d6       97%         4
 Agony                    Necr           1%         N/A       100%        5
 Excruciating Wounds      Necr           0%         N/A       100%        5


Dungeon Overview and Level Annotations

Branches:
Dungeon (2/15)

Altars:

Shops:
D:1 (

Annotations:
D:2 Natasha


Message History

Natasha barely misses you. x2
You hit Natasha.
Natasha is moderately wounded.
Natasha stares at you and mumbles some strange words.
The magic dart hits you. Natasha claws you but does no damage.
You barely miss Natasha.
Natasha is moderately wounded.
Natasha casts a spell.
Throw: 4 boomerangs (disperse)
Press: ? - help, Q - select action, (/) - cycle Shift-Dir - straight line, f - Natasha
Aim: Natasha (moderately wounded, 50% to hit)
You throw a boomerang of dispersal.
The boomerang of dispersal hits Natasha but does no damage.
Natasha is moderately wounded.
Natasha howls an incantation.
You feel disoriented. Natasha claws you. Natasha claws you but does no damage.
Throw: 3 boomerangs (disperse)
Press: ? - help, Q - select action, (/) - cycle Shift-Dir - straight line, f/p - Natasha
Aim: Natasha (moderately wounded, 50% to hit)
You throw a boomerang of dispersal.
The boomerang of dispersal closely misses Natasha.
The shadow imp hits you. Natasha closely misses you.
The shadow imp grins evilly.
The shadow imp hits you.
* * * LOW HITPOINT WARNING * * *
Natasha claws you.
* * * LOW HITPOINT WARNING * * *
Throw: 2 boomerangs (disperse)
Press: ? - help, Q - select action, (/) - cycle Shift-Dir - straight line, f/p - Natasha
Aim: Natasha (moderately wounded, 50% to hit)
You throw a boomerang of dispersal.
The boomerang of dispersal hits Natasha.
Natasha blinks!
Natasha is severely wounded.
The shadow imp closely misses you. The shadow imp hits you.
* * * LOW HITPOINT WARNING * * *
The shadow imp gestures at you. Pain shoots through your body!
You die...

#. #.# #. #.#
#. #.# .#####.
#.#
.h.....##.###
#.....#
#.h5..##.#
.#####........#
..!....@...##.#
######.....#
###.### ...
#>## #.# #.# .#


You could see Natasha and a shadow imp (summoned).

Vanquished Creatures
  A dart slug (D:1)
  3 endoplasms (D:1)
  2 giant cockroaches (D:1)
  A goblin (D:1)
  A hobgoblin (D:1)
  4 jackals (D:1)
  3 kobolds (D:1)
  2 quokkas (D:1)
  2 ball pythons (D:1)
  2 bats (D:1)
  2 frilled lizards (D:1)
  2 rats (D:1)
25 creatures vanquished.

Notes
Turn   | Place    | Note
-------+----------+-------------------------------------------
     0 | D:1      | sojurn the Human Warper began the quest for the Orb.
     0 | D:1      | Reached XP level 1. HP: 16/16 MP: 3/3
   941 | D:1      | Reached XP level 2. HP: 15/22 MP: 5/5
  1938 | D:1      | Reached XP level 3. HP: 18/28 MP: 6/6
  2404 | D:1      | Found Zugripish's Weapon Boutique.
  3737 | D:1      | Found a faded altar of an unknown god.
  3996 | D:2      | Noticed Natasha
  4589 | D:2      | Killed from afar by a shadow imp

Illustrated notes

Levels and vault maps discovered:
D:1:      lemuel_arrival_behind_the_door_small, layout_loops_ring,
          ebering_ecumenical_altar_abandoned, serial_shops, shop, moated_statue,
          minmay_hedge_maze, roderic_serpentine_path
D:2:      layout_loops_ring, uniq_natasha

Action                   || total
-------------------------++-------
Melee: Falchion          ||   113
Throw: Boomerang         ||     4
  Use: Scroll            ||     1
Armor: Leather armour    ||    31
Dodge: Dodged            ||    84

Table legend: (Time is in decaauts)
 A = Elapsed time spent in this place.
 B = Non-inter-level travel time spent in this place.
 C = Inter-level travel time spent in this place.
 D = Time resting spent in this place.
 E = Time spent auto-exploring this place.
 F = Levels seen in this place.
 G = Mean time per level.
                   A        B        C        D        E       F      G
               +--------+--------+--------+--------+--------+-----+--------+
         Total |   4616 |   4516 |    100 |   3523 |    702 |   2 | 2308.0 |
       Dungeon |   4616 |   4516 |    100 |   3523 |    702 |   2 | 2308.0 |
               +--------+--------+--------+--------+--------+-----+--------+

Top non-repeatable levels by time:
     D:1: 4585 daAuts
     D:2: 31 daAuts
